Map: Eternal Empire LE

Players

Reynor - Winner!

  • Race: Zerg Zerg
  • League: Master
  • Spawn Location: 7:00

Nice

  • Race: Protoss Protoss
  • Spawn Location: 1:00

Event: DreamHack SC2 Masters 2020 Fall

VOD

Have the link to the VOD?

Description

Time

  • Played on: Sept. 16, 2020, 9:13 a.m.
  • Length: 10:46

All games in this series

Show
View Real Time Build Order
Export as new Build Order

Reynor Zerg - Winner!

Build Orders: Hatch First 

Get SALT Encoding   

  12  0:00  Drone  
  13  0:12  Overlord  
  13  0:17  Drone  
  14  0:30  Drone x2  
  16  0:47  Hatchery  
  15  0:51  Drone  
  15  0:54  Drone  
  17  0:58  Drone  
  18  1:08  Extractor  
  17  1:14  Spawning Pool  
  17  1:16  Drone  
  17  1:20  Drone  
  18  1:28  Drone  
  19  1:39  Drone  
  20  1:50  Overlord  
  20  1:59  Drone  
  20  2:00  Drone  
  22  2:01  Queen x2  
  26  2:10  Drone, Zergling x2  
  28  2:21  Drone x2  
  30  2:31  Drone  
  31  2:38  Pneumatized Carapace  
  31  2:39  Hatchery  
  31  2:40  Drone  
  31  2:42  Drone  
  32  2:45  Overlord  
  32  2:51  Queen  
  32  2:55  Drone  
  32  2:57  Drone  
  36  3:01  Metabolic Boost  
  36  3:04  Drone  
  37  3:06  Zergling x2  
  38  3:14  Zergling x2  
  38  3:15  Drone x3  
  42  3:20  Overlord  
  42  3:25  Drone  
  43  3:31  Drone  
  44  3:38  Queen  
  44  3:39  Overlord  
  44  3:41  Drone x3  
  49  3:47  Overlord  
  49  3:52  Drone, Spore Crawler  
  49  3:53  Drone  
  50  3:57  Queen x2  
  50  3:59  Zergling x4  
  50  4:01  Drone  
  57  4:06  Drone, Spore Crawler  
  57  4:07  Zergling x4  
  57  4:09  Drone  
  60  4:12  Drone x2  
  60  4:15  Evolution Chamber  
  61  4:18  Queen  
  61  4:22  Overlord  
  61  4:24  Drone  
  64  4:25  Drone  
  64  4:28  Drone  
  66  4:32  Overlord  
  66  4:43  Drone x3  
  66  4:44  Drone x3  
  72  4:47  Overlord, Zerg Missile Weapons Level 1  
  72  4:50  Drone x2  
  72  4:51  Drone x2  
  76  4:53  Queen  
  76  4:55  Overlord  
  76  4:58  Extractor  
  77  5:02  Spore Crawler  
  77  5:05  Lair  
  77  5:06  Overlord  
  77  5:07  Drone  
  77  5:08  Drone x4  
  77  5:09  Drone  
  81  5:15  Drone x2  
  81  5:20  Overlord  
  81  5:21  Drone x2  
  84  5:23  Extractor  
  84  5:24  Queen  
  85  5:28  Queen  
  85  5:29  Drone x2  
  85  5:34  Drone x6  
  94  5:40  Extractor  
  94  5:42  Drone x3, Extractor  
  95  5:45  Drone  
  95  5:46  Spore Crawler  
  95  5:50  Hatchery  
  95  5:53  Drone  
  95  5:56  Spore Crawler  
  94  5:57  Drone  
  94  5:59  Extractor, Zergling x8  
  94  6:00  Extractor  
  97  6:05  Drone x2  
  97  6:08  Queen, Evolution Chamber  
  97  6:10  Hydralisk Den, Overlord  
  99  6:16  Zergling x6  
  102  6:19  Drone x2  
  102  6:20  Drone  
  102  6:21  Overlord  
  105  6:27  Drone  
  105  6:30  Drone x3  
  106  6:32  Overlord  
  106  6:34  Drone x5  
  106  6:36  Zerg Ground Armor Level 1  
  106  6:37  Drone  
  111  6:45  Overlord  
  111  6:50  Overlord  
  111  6:53  Drone  
  111  6:54  Drone x2  
  114  6:55  Zerg Missile Weapons Level 2  
  114  6:56  Overlord  
  114  7:04  Spore Crawler  
  113  7:08  Queen  
  113  7:14  Muscular Augments  
  112  7:16  Drone x2  
  112  7:22  Drone x4  
  117  7:24  Overlord  
  117  7:25  Unknown  
  117  7:28  Hydralisk x9  
  134  7:35  Drone x2  
  134  7:36  Drone  
  136  7:38  Hatchery  
  136  7:41  Extractor, Overlord x4  
  134  7:44  Hydralisk  
  134  7:48  Overlord  
  134  7:50  Overlord  
  136  7:59  Overlord  
  136  8:00  Hydralisk  
  136  8:01  Hydralisk x7  
  152  8:09  Hydralisk x4  
  160  8:16  Hydralisk x4, Hatchery  
  165  8:24  Hydralisk x4  
  172  8:30  Hydralisk  
  172  8:31  Hydralisk  
  172  8:32  Overlord  
  172  8:34  Grooved Spines  
  176  8:43  Overlord  
  176  8:54  Hydralisk x4  
  184  9:01  Hydralisk x2  
  184  9:02  Hydralisk x2  
  191  9:04  Overlord  
  191  9:11  Overlord  
  191  9:23  Hydralisk x4  
  199  9:27  Overlord  
  196  9:33  Hydralisk x3  
  196  9:34  Zergling x8  
  196  9:37  Hydralisk x7  
  197  9:41  Hydralisk x6  
  193  9:50  Hydralisk x5  
  195  9:58  Hydralisk x2, Zergling x2  
  199  10:12  Infestation Pit  
Show
View Real Time Build Order
Export as new Build Order

Nice Protoss 

Build Orders: 1 Gate Expand 

Get SALT Encoding   

  12  0:00  Probe  
  13  0:12  Probe  
  14  0:20  Pylon  
  14  0:24  Probe  
  15  0:28  Assimilator  
  15  0:38  Probe (Chrono Boost)  
  16  0:44  Gateway  
  17  0:50  Probe (Chrono Boost)  
  17  0:56  Probe (Chrono Boost)  
  18  1:04  Probe  
  19  1:16  Probe  
  20  1:24  Nexus  
  20  1:34  Cybernetics Core  
  20  1:40  Assimilator  
  20  1:42  Probe  
  21  1:52  Pylon  
  22  1:54  Probe  
  22  2:06  Probe (Chrono Boost)  
  22  2:07  Stalker (Chrono Boost)  
  23  2:11  Warp Gate  
  25  2:18  Probe (Chrono Boost)  
  26  2:24  Probe (Chrono Boost)  
  26  2:27  Stargate  
  27  2:36  Probe x2 (Chrono Boost)  
  29  2:44  Adept  
  31  2:45  Probe (Chrono Boost)  
  31  2:47  Probe (Chrono Boost)  
  31  2:50  Probe (Chrono Boost)  
  33  2:57  Probe  
  35  3:02  Void Ray (Chrono Boost), Probe  
  36  3:08  Pylon  
  36  3:09  Probe  
  41  3:14  Probe  
  42  3:21  Probe  
  42  3:26  Probe  
  44  3:27  Pylon  
  44  3:30  Void Ray (Chrono Boost)  
  44  3:31  Gateway  
  44  3:33  Probe  
  45  3:39  Probe  
  50  3:45  Probe  
  51  3:49  Assimilator  
  51  3:50  Assimilator  
  51  3:51  Probe  
  52  3:56  Pylon  
  52  3:59  Probe  
  53  4:03  Probe  
  53  4:05  Fleet Beacon  
  54  4:15  Void Ray (Chrono Boost), Probe  
  55  4:18  Probe  
  55  4:20  Pylon  
  56  4:27  Probe  
  61  4:41  Stargate  
  61  4:43  Adept  
  61  4:45  Adept  
  63  4:47  Unknown  
  62  4:53  Pylon  
  62  4:59  Probe x2  
  64  5:00  Void Ray (Chrono Boost)  
  68  5:09  Shield Battery  
  68  5:11  Probe  
  69  5:14  Nexus, Pylon  
  69  5:19  Shield Battery, Void Ray  
  69  5:22  Probe  
  74  5:32  Probe  
  74  5:34  Probe  
  76  5:39  Void Ray  
  76  5:44  Probe  
  76  5:46  Probe  
  76  5:49  Pylon  
  82  5:51  Protoss Air Weapons Level 1  
  82  5:52  Adept  
  82  5:56  Void Ray, Probe  
  85  5:58  Probe  
  90  6:07  Pylon  
  90  6:08  Probe  
  90  6:10  Probe  
  92  6:15  Forge  
  92  6:16  Stargate  
  92  6:20  Probe  
  92  6:23  Probe  
  94  6:27  Void Ray  
  94  6:32  Probe  
  95  6:34  Void Ray  
  95  6:35  Probe x2  
  97  6:44  Probe  
  97  6:47  Assimilator, Probe x2  
  102  6:48  Assimilator  
  102  6:54  Void Ray  
  104  6:56  Probe  
  104  6:59  Probe x2, Pylon x2  
  104  7:00  Protoss Ground Weapons Level 1 (Chrono Boost), Pylon  
  107  7:08  Probe  
  107  7:14  Twilight Council  
  108  7:23  Void Ray  
  108  7:28  Photon Cannon  
  108  7:29  Gateway  
  112  7:31  Gateway  
  112  7:33  Gateway  
  112  7:34  Void Ray  
  112  7:35  Gateway  
  112  7:37  Zealot x2  
  112  7:38  Gateway  
  112  7:43  Void Ray  
  120  7:53  Charge (Chrono Boost)  
  120  8:02  Zealot x2  
  124  8:10  Gateway  
  124  8:11  Templar Archives  
  124  8:14  Void Ray  
  124  8:22  Nexus  
  124  8:24  Pylon  
  128  8:27  Unknown  
  127  8:45  Zealot x7  
  141  8:48  Psionic Storm  
  141  8:50  Nexus  
  141  8:51  Pylon  
  141  8:52  Pylon x2  
  141  8:55  Unknown, Pylon  
  141  8:58  Robotics Facility  
  141  9:03  Pylon  
  141  9:08  High Templar  
  141  9:09  High Templar  
  145  9:14  Zealot x6  
  157  9:19  Void Ray (Chrono Boost)  
  157  9:22  Archon  
  148  9:34  Zealot x5  
  148  9:35  Zealot  
  140  9:43  Void Ray (Chrono Boost)  
  120  9:45  Void Ray (Chrono Boost)  
  116  9:52  Sentry  
  116  9:53  Sentry  
  116  9:55  Sentry  
  116  9:56  Zealot x5  
  132  10:01  Shield Battery  
  132  10:02  Shield Battery  
  132  10:03  Void Ray (Chrono Boost)  
  132  10:04  Shield Battery, Pylon  
  132  10:07  Pylon  
  132  10:13  Pylon  
  136  10:19  Zealot x4  
  135  10:24  Zealot x2  
  109  10:30  Sentry x2  
  106  10:39  Zealot  
  106  10:40  Zealot x2  

Tags
 
Add a new tag
Caveats
  • Supply blocks, unpowered buildings, or Contaminate may cause inaccurate times.
  • Supply counts are checked every 10 seconds.